 Dungeon Crawl Stone Soup version 0.27-a0-1230-gfc7c993222 (webtiles) character file.

Game seed: 848762722876380373

112540 Froggeryz the Peltast (level 15, -6/105 HPs)
             Began as a Djinni Air Elementalist on June 8, 2021.
             Was the Champion of Ru.
             Killed from afar by an eleionoma (20 damage)
             ... with a spray of wooden splinters
             ... while paralysed by a fenstrider witch
             ... on level 2 of the Swamp.
             The game lasted 01:12:26 (26782 turns).

Froggeryz the Peltast (Djinni Air Elementalist)    Turns: 26782, Time: 01:12:27

Health: -6/105     AC: 12    Str:  6    XL:     15   Next: 15%
Gold:   864        EV:  2    Int: 31    God:    Ru [******] SH:  0 Dex: 21

rFire    + + +     SeeInvis .   x - staff of fire
rCold    x . .     Faith    .   a - +1 kite shield {rN+}
rNeg     + + .     Spirit   +   B - +0 troll leather armour
rPois    ∞         Reflect  .   i - +2 helmet "Ybosi" {rF+ rN+ Regen+ Dex-3}
rElec    .         Harm     .   (no cloak)
rCorr    .         Rampage  .   z - +3 pair of gloves of the Furrier {rF+ Int+2 Dex+3}
Will     +....                  (boots unavailable)
Stlth    ++........             l - amulet "Yruj" {Spirit rC+ Int+2}
HPRegen  2.27/turn              E - +6 ring of dexterity
MPRegen  0.00/turn              G - +6 ring of intelligence

@: paralysed, flying
A: sickness immunity, fire resistance 2, weak 1, cold vulnerability 1, inability
to use devices, inexperienced 1, temperature sensitive, float, innate caster, hp
casting, extra vitality 1
a: Renounce Religion, Draw Out Power, Power Leap, Apocalypse


You were on level 2 of the Swamp.
You worshipped Ru.
Ru was exalted by your worship.
You visited 5 branches of the dungeon, and saw 26 of its levels.
You also visited: Bailey.

You collected 1912 gold pieces.
You spent 1048 gold pieces at shops.

Inventory:

Missiles
 b - 15 curare-tipped darts
 M - a throwing net
Armour
 a - a +1 kite shield of positive energy (worn)
 g - a +1 pair of gloves of strength
 i - the +2 helmet "Ybosi" (worn) {rF+ rN+ Regen+ Dex-3}
   (You took it off Robin on level 2 of the Dungeon)

   It affects your dexterity (-3).
   It protects you from fire.
   It protects you from negative energy.
   It increases your rate of health regeneration.
 t - a +1 robe of the Archmagi
 z - the +3 pair of gloves of the Furrier (worn) {rF+ Int+2 Dex+3}
   (You bought it in a shop on level 2 of the Orcish Mines)

   It affects your intelligence (+2).
   It affects your dexterity (+3).
   It protects you from fire.
 B - a +0 troll leather armour (worn)
 N - a +0 robe of cold resistance
Magical Staves
 q - a staff of poison
 x - a staff of fire (weapon)
 H - a staff of conjuration
Jewellery
 l - the amulet "Yruj" (around neck) {Spirit rC+ Int+2}
   (You took it off an orc priest on level 9 of the Dungeon)

   [amulet of guardian spirit]

   It causes incoming damage to be divided between your reserves of health and
   magic.
   It affects your intelligence (+2).
   It protects you from cold.
 E - a +6 ring of dexterity (left hand)
 F - a ring of positive energy
 G - a +6 ring of intelligence (right hand)
 K - a ring of ice
 P - a ring of positive energy
Scrolls
 d - 5 scrolls of teleportation
 h - 5 scrolls of noise
 k - a scroll of immolation
 o - 3 scrolls of fog
 r - 2 scrolls of holy word
 s - 10 scrolls of enchant armour
 y - 4 scrolls of enchant weapon
 A - 2 scrolls of magic mapping
 C - a scroll of fear
 Q - a scroll of blinking
Potions
 c - 3 potions of mutation
 e - 3 potions of haste
 f - 7 potions of heal wounds
 m - 6 potions of might
 n - 12 potions of curing
 p - 2 potions of ambrosia
 v - a potion of magic {unknown}
 w - 7 potions of brilliance
 L - 2 potions of cancellation
 R - a potion of resistance {unknown}


   Skills:
 + Level 9.0 Fighting
 - Level 2.0 Staves
 - Level 6.6 Armour
 - Level 13.0 Dodging
 - Level 1.5 Stealth
 - Level 15.1 Shields
 * Level 14.4 Spellcasting


You had one spell level left.
You knew the following spells:

 Your Spells              Type           Power      Damage    Failure   Level
a - Shock                 Conj/Air       100%       1d9       0%          1
b - Static Discharge      Conj/Air       84%        N/A       0%          2
c - Swiftness             Air            84%        N/A       1%          3
d - Airstrike             Air            42%        N/A       1%          4
e - Lightning Bolt        Conj/Air       42%        1d61      1%          5
f - Freeze                Ice            100%       1d11      0%          1
g - Blink                 Tloc           N/A        N/A       0%          2
h - Inner Flame           Hex/Fire       100%       N/A       1%          3
i - Petrify               Tmut/Erth      84%        N/A       1%          4
j - Fireball              Conj/Fire      53%        3d21      1%          5
k - Agony                 Necr           84%        N/A       1%          5
l - Freezing Cloud        Conj/Ice/Air   42%        6-21      1%          6
Your spell library was empty.

Dungeon Overview and Level Annotations

Branches:
Dungeon (15/15)            Temple (1/1) D:4            Lair (6/6) D:11
  Swamp (2/4) Lair:3       Spider (0/4) Lair:4        Slime (0/5) Lair:6
    Orc (2/2) D:11            Elf (0/3) Orc:2        Vaults (0/5) D:14
 Depths (0/5) D:15         Bailey (visited)

Altars:
Ashenzari
Cheibriados
Dithmenos
Elyvilon
Fedhas
Gozag
Hepliaklqana
Kikubaaqudgha
Makhleb
Nemelex Xobeh
Okawaru
Qazlal
Ru
Sif Muna
Trog
Uskayaw
Vehumet
Wu Jian
Xom
Yredelemnul
Zin
The Shining One
Beogh
Jiyva

Shops:
D:6 !   Orc:2 [(**

Annotations:
D:15 2 runed translucent doors, Hipp's ghost, journeyman NaBe


Innate Abilities, Weirdness & Mutations

You are immune to sickness and miasma.
You are immune to poison.
Your flesh is very heat resistant. (rF++)
You are weak. (Str -2)
You are vulnerable to cold. (rC-)
You cannot study or use magical devices.
You are somewhat inexperienced. (-2 XL)
You are sensitive to extremes of temperature. (rF-, rC-)
You float through the air rather than walking.
You learn spells naturally, not from books.
Your magical power is your life essence.
You have superior vitality. (+4 HP)


Message History

The alligator is engulfed in blazing flames.
The alligator bites you!
You focus your inner power and blind the alligator in retribution!
The alligator tail-slaps you but does no damage.
The eleionoma hits you.
You redirect the swamp drake's attack!
The swamp drake breathes poison at the bunyip.
The noxious blast engulfs the swamp dragon but does no damage.
The eleionoma begins to attack, but is stunned by your conviction!
The alligator is engulfed in blazing flames.
The alligator bites you but does no damage.
The alligator tail-slaps you but does no damage.
The bunyip is engulfed in a cloud of scalding steam.
The fenstrider witch gestures at you while chanting.
The toxic sludge hits you. You partially resist.
The eleionoma begins to attack, but is stunned by your conviction!
The alligator begins to attack, but is stunned by your conviction!
The eleionoma is engulfed in a cloud of scalding steam.
The eleionoma begins to attack, but is stunned by your conviction!
The alligator is engulfed in blazing flames.
The bunyip claws you but does no damage.
The bunyip claws you! The bunyip claws you!!
* * * LOW HITPOINT WARNING * * *
The eleionoma hits you.
* * * LOW HITPOINT WARNING * * *
The fenstrider witch is engulfed in blazing flames.
You redirect the bog body's attack!
The eleionoma is engulfed in a cloud of scalding steam.
The alligator is engulfed in blazing flames.
The alligator is stunned by your conviction and fails to attack.
The alligator is no longer blind.
The fenstrider witch is engulfed in blazing flames.
The eleionoma is stunned by your conviction and fails to attack.
The alligator is stunned by your conviction and fails to attack.
The alligator is engulfed in blazing flames.
You kill the alligator!
The eleionoma is engulfed in blazing flames.
The eleionoma hurls a spray of splinters at you.
The spray of wooden splinters hits you!!
You die...

♣♣..$♣♣
♣≈≈♣♣≈≈≈≈.♣.§≈.
♣≈..≈.♣♣♣♣.≈§≈≈.!♣♣
♣.≈
♣♣.......♣.≈.≈.<$♣♣
≈ ♣....#
#..≈..≈≈..♣
..##...##..≈.≈≈kD♣
.##. .....≈≈.(..R♣
$#. §..§≈≈≈≈≈≈§♣ ..
≈≈..≈§≈nH§♣♣ .##
§≈......x@R♣ ..##
........≈t≈♣♣
≈..##≈........§≈.♣
.≈..$≈...≈.≈≈.≈≈.♣
..≈./≈..≈.§≈≈≈≈≈.♣
<≈≈≈≈... ...≈.<≈.♣
..≈≈.≈≈≈ ...≈≈.≈.♣
.≈≈≈.≈≈≈ ....≈≈≈≈♣
≈≈≈♣≈...


You could see a bunyip (poisoned), 2 eleionomae, an alligator, a swamp dragon, a
fenstrider witch, a bog body and a swamp drake (catching breath).

Vanquished Creatures
  Jorgrun (D:13)
  2 orc warlords (Orc:2)
  The ghost of Loefaen the Blocker, a journeyman DDFi of Zin (Lair:3)
  Nessos (Lair:4)
  Azrael (D:12)
  A bunyip (Swamp:2)
  Snorg (D:12)
  2 eleionomae
  3 boulder beetles
  A catoblepas (D:15)
  7 vault guards (D:14)
  8 hydras
  An ogre mage (D:12)
  2 alligators
  A centaur warrior (D:13)
  4 two-headed ogres
  5 tengu warriors
  A vampire mage (D:15)
  Urug (D:13)
  2 orc high priests
  A goliath frog (Swamp:2)
  2 skeletal warriors (D:15)
  A spark wasp zombie (D:15)
  A spriggan druid (Swamp:1)
  A necromancer (D:15)
  3 orc knights
  2 deep elf pyromancers
  A manticore (D:15)
  A wolf spider (Lair:6)
  2 cyclopes
  2 orc sorcerers
  A frost giant zombie (D:15)
  19 ugly things
  13 slime creatures
  21 elephants
  3 black mambas
  26 cane toads
  2 gargoyles (D:12)
  8 komodo dragons
  A freezing wraith (D:15)
  2 rime drakes
  2 tengu conjurers
  7 trolls
  A polar bear (Lair:5)
  11 tyrant leeches
  A wind drake (shapeshifter) (D:13)
  3 meliai (D:15)
  4 hornets
  35 blink frogs
  5 dream sheep (Lair:4)
  Grinder (D:5)
  A spriggan zombie (D:15)
  3 shadows
  2 centaur simulacra
  42 yaks
  2 wraiths
  Eustachio (D:5)
  An elf zombie (D:15)
  2 fire elementals (D:12)
  2 spriggans (Swamp:1)
  5 wyverns
  8 basilisks
  A human (D:9)
  3 hogs (D:9)
  35 vampire mosquitoes
  A steam dragon (D:9)
  9 swamp worms
  7 wargs
  12 water moccasins
  Duvessa (D:5)
  2 acid dragons
  4 hell hounds (D:12)
  44 orc warriors
  2 ice beasts
  2 black bears
  8 ogres
  9 wolves (Lair:3)
  4 centaurs
  5 kobold brigands
  24 bullfrogs
  4 scorpions
  2 gnoll sergeants
  Dowan (D:5)
  A water moccasin zombie (D:5)
  A hornet simulacrum (D:14)
  A water moccasin skeleton (D:6)
  3 killer bees (D:9)
  An electric eel (Lair:6)
  6 howler monkeys
  5 centaur zombies
  5 hounds
  A jelly (D:7)
  18 orc priests
  2 centaur skeletons
  Ijyb (D:3)
  Terence (D:3)
  An iguana (D:6)
  Natasha (thrice) (D:4)
  28 orc wizards
  A killer bee zombie (D:7)
  A scorpion zombie (D:5)
  2 hound skeletons (D:5)
  Robin (D:2)
  8 gnolls
  A howler monkey skeleton (D:7)
  7 adders
  A white imp (D:7)
  2 worms
  2 dart slugs (D:1)
  112 orcs
  4 bats
  8 endoplasms
  3 giant cockroaches
  10 goblins
  6 hobgoblins
  6 jackals (D:2)
  23 kobolds
  7 quokkas
  6 ball pythons
  3 frilled lizards
  A rat (D:3)
771 creatures vanquished.

Vanquished Creatures (others)
  A two-headed ogre (D:8)
  A tyrant leech (Swamp:2)
  2 orcs
  3 kobolds (D:8)
  31 fungi
  105 plants
  8 withered plants (D:15)
151 creatures vanquished.

Grand Total: 922 creatures vanquished

Notes
Turn   | Place    | Note
-------+----------+-------------------------------------------
     0 | D:1      | Froggeryz the Djinni Air Elementalist began the quest for
                  | the Orb.
     0 | D:1      | Reached XP level 1. HP: 15/15 MP: 0/0
   179 | D:1      | Reached XP level 2. HP: 19/21 MP: 0/0
   629 | D:1      | Reached XP level 3. HP: 22/26 MP: 0/0
   629 | D:1      | Learned a level 1 spell: Freeze
   993 | D:2      | Reached skill level 1 in Fighting
  1166 | D:2      | Reached XP level 4. HP: 27/32 MP: 0/0
  1339 | D:2      | Identified the +2 helmet "Ybosi" {rF+ rN+ Regen+ Dex-3}
  1339 | D:2      | Noticed Robin
  1361 | D:2      | Killed Robin
  1749 | D:2      | You are sucked into a shaft and drop 2 floors!
  1869 | D:4      | Reached XP level 5. HP: 30/37 MP: 0/0
  1869 | D:4      | Learned a level 2 spell: Blink
  1976 | D:3      | Noticed Ijyb
  1992 | D:3      | Killed Ijyb
  2915 | D:3      | Found a shadowy altar of Dithmenos.
  2919 | D:3      | Found a white marble altar of Elyvilon.
  2926 | D:3      | Found an iron altar of Okawaru.
  3039 | D:3      | Found a faded altar of an unknown god.
  3303 | D:3      | Noticed Terence
  3315 | D:3      | Killed Terence
  3316 | D:3      | Reached XP level 6. HP: 14/43 MP: 0/0
  4303 | D:4      | Reached skill level 1 in Staves
  4331 | D:4      | Found a staircase to the Ecumenical Temple.
  4336 | D:4      | Reached skill level 5 in Spellcasting
  4498 | D:4      | Noticed an ogre
  4500 | D:4      | Killed an ogre
  4501 | D:4      | Reached XP level 7. HP: 40/49 MP: 0/0
  4501 | D:4      | Learned a level 3 spell: Inner Flame
  4556 | D:5      | Entered Level 5 of the Dungeon
  4571 | D:5      | Noticed Duvessa
  4572 | D:5      | Noticed Dowan
  4573 | D:5      | Killed Duvessa
  4591 | D:5      | Killed Dowan
  5079 | D:5      | Reached XP level 8. HP: 39/55 MP: 0/0
  5105 | Temple   | Entered the Ecumenical Temple
  5285 | Temple   | Became a worshipper of Ru the Awakened
  5889 | D:4      | Noticed Natasha
  5894 | D:4      | Killed Natasha
  6012 | D:4      | Noticed Natasha
  6018 | D:4      | Killed Natasha
  6070 | D:4      | Noticed Natasha
  6520 | D:4      | Killed Natasha
  6622 | D:5      | Noticed Grinder
  6629 | D:5      | Killed Grinder
  7056 | D:5      | Noticed Eustachio
  7061 | D:5      | Killed Eustachio
  7440 | D:5      | Reached skill level 5 in Fighting
  7440 | D:5      | Reached XP level 9. HP: 43/65 MP: 0/0
  7440 | D:5      | Learned a level 4 spell: Petrify
  7928 | D:5      | Found a snail-covered altar of Cheibriados.
  8571 | D:6      | Gained mutation: You are weak. (Str -2) [Ru sacrifice]
  8702 | D:6      | Found Cyekes's Distillery.
  8710 | D:6      | Bought a potion of heal wounds for 65 gold pieces
  8710 | D:6      | Bought a potion of curing for 39 gold pieces
  8893 | D:6      | Found a glowing golden altar of the Shining One.
  8928 | D:6      | You are sucked into a shaft and drop 1 floor!
  9676 | D:7      | Reached skill level 5 in Dodging
 10092 | D:8      | Reached XP level 10. HP: 57/72 MP: 0/0
 10304 | D:8      | Noticed a two-headed ogre
 10735 | D:8      | Found a flagged portal.
 10790 | Bailey   | Entered a bailey
 11457 | Bailey   | Noticed an orc knight
 11470 | Bailey   | Killed an orc knight
 11766 | Bailey   | Gained mutation: You are sensitive to extremes of
                  | temperature. (rF-, rC-) [Ru sacrifice]
 11766 | Bailey   | Reached * piety under Ru
 11766 | Bailey   | Reached ** piety under Ru
 12198 | D:8      | Killed a two-headed ogre
 12849 | D:9      | Reached XP level 11. HP: 39/76 MP: 0/0
 12849 | D:9      | Learned a level 5 spell: Fireball
 12976 | D:9      | Identified the amulet "Yruj" {Spirit rC+ Int+2}
 13017 | D:8      | Identified 2 scrolls of acquirement
 13018 | D:8      | Acquired a +1 pair of gloves of strength
 13307 | D:9      | Found a stormy altar of Qazlal.
 13480 | D:9      | Found an opulent altar of Gozag.
 13719 | D:9      | Found a broken altar of Ashenzari.
 13782 | D:9      | Reached skill level 10 in Spellcasting
 13915 | D:10     | Entered Level 10 of the Dungeon
 13930 | D:10     | Identified the +1 ring mail of the Mind {Fly rF+ Str-2
                  | Dex+3}
 14057 | D:10     | Acquired a +1 kite shield of positive energy
 14305 | D:10     | Reached skill level 1 in Armour
 14307 | D:10     | Reached skill level 10 in Dodging
 14555 | D:10     | Gained mutation: You cannot study or use magical devices.
                  | [Ru sacrifice]
 14555 | D:10     | Reached *** piety under Ru
 14555 | D:10     | Reached **** piety under Ru
 15023 | D:11     | Found a staircase to the Orcish Mines.
 15348 | D:11     | Noticed an elephant
 15375 | D:11     | Killed an elephant
 15393 | D:11     | Noticed a four-headed hydra
 15402 | D:11     | Killed a four-headed hydra
 15402 | D:11     | Noticed a two-headed ogre
 15410 | D:11     | Killed a two-headed ogre
 15411 | D:11     | Reached skill level 5 in Armour
 15411 | D:11     | Reached XP level 12. HP: 51/83 MP: 0/0
 15439 | D:11     | Noticed a two-headed ogre
 15458 | D:11     | Killed a two-headed ogre
 15571 | D:11     | Found a staircase to the Lair.
 16023 | D:12     | Noticed an ogre mage
 16023 | D:12     | Noticed a two-headed ogre
 16027 | D:12     | Noticed Snorg
 16058 | D:11     | Killed a two-headed ogre
 16097 | Lair:1   | Entered Level 1 of the Lair of Beasts
 16861 | Lair:2   | Gained mutation: You are somewhat inexperienced. (-2 XL)
                  | [Ru sacrifice]
 16861 | Lair:2   | Reached XP level 11. HP: 76/76 MP: 0/0
 16861 | Lair:2   | Reached XP level 10. HP: 72/72 MP: 0/0
 16861 | Lair:2   | Reached ***** piety under Ru
 16861 | Lair:2   | Reached ****** piety under Ru
 16943 | Lair:2   | Noticed an eight-headed hydra
 16949 | Lair:2   | Killed an eight-headed hydra
 17058 | Lair:2   | Reached skill level 1 in Shields
 17096 | Lair:2   | Reached skill level 2 in Shields
 17580 | Lair:3   | Found a large runed translucent door.
 17581 | Lair:3   | Found a large runed translucent door.
 17585 | Lair:3   | Noticed Loefaen's ghost (journeyman DDFi)
 17608 | Lair:3   | Reached skill level 3 in Shields
 17625 | Lair:3   | Identified the +2 great sword of the Pill Bug {antimagic,
                  | rF++ Str-2 Int+4}
 17834 | Lair:3   | Reached skill level 4 in Shields
 17835 | Lair:3   | Reached XP level 11. HP: 62/76 MP: 0/0
 17913 | Lair:3   | Reached skill level 5 in Shields
 18084 | Lair:3   | Reached skill level 6 in Shields
 18169 | Lair:3   | Found a staircase to the Swamp.
 18539 | Lair:3   | Killed Loefaen's ghost
 18601 | Lair:4   | Reached skill level 7 in Shields
 18644 | Lair:3   | Reached skill level 8 in Shields
 18737 | Lair:4   | Noticed a six-headed hydra
 18825 | Lair:4   | Noticed Nessos
 18833 | Lair:4   | Killed Nessos
 18838 | Lair:4   | Reached skill level 9 in Shields
 18880 | Lair:4   | Killed a six-headed hydra
 18947 | Lair:4   | Reached XP level 12. HP: 79/83 MP: 0/0
 19019 | Lair:4   | Found a hole to the Spider Nest.
 19304 | Lair:5   | Reached skill level 10 in Shields
 19476 | Lair:5   | Reached skill level 11 in Shields
 19851 | Lair:6   | Entered Level 6 of the Lair of Beasts
 19952 | Lair:6   | Reached skill level 12 in Shields
 20159 | Lair:6   | Reached XP level 13. HP: 44/87 MP: 0/0
 20159 | Lair:6   | Learned a level 5 spell: Agony
 20375 | Lair:6   | Reached skill level 13 in Shields
 20688 | Lair:6   | Found a staircase to the Slime Pits.
 20688 | Lair:6   | Found a viscous altar of Jiyva.
 21073 | Orc:1    | Entered Level 1 of the Orcish Mines
 21254 | Orc:2    | Entered Level 2 of the Orcish Mines
 21369 | Orc:2    | Noticed an orc warlord
 21378 | Orc:2    | Killed an orc warlord
 21388 | Orc:2    | Reached skill level 14 in Shields
 21624 | Orc:2    | Found Xuhaoves's Antique Weapon Emporium.
 21627 | Orc:2    | Found Fadaj's Antique Armour Shoppe.
 21641 | Orc:2    | Bought a pair of buzzing gloves for 351 gold pieces
 21641 | Orc:2    | Identified the +3 pair of gloves of the Furrier {rF+ Int+2
                  | Dex+3} (You bought it in a shop on level 2 of the Orcish
                  | Mines)
 21875 | Orc:2    | Found a staircase to the Elven Halls.
 21880 | Orc:2    | Noticed an orc warlord
 21891 | Orc:2    | Killed an orc warlord
 21978 | Orc:2    | Found Haeloq's Assorted Antiques.
 21987 | Orc:2    | Bought a scroll labelled IHEIF WABOUQEI for 25 gold pieces
 21987 | Orc:2    | Bought a fuming blue potion for 22 gold pieces
 22295 | Orc:2    | Found Roryk's General Store.
 22788 | D:12     | Noticed Azrael
 22852 | D:12     | Killed Snorg
 22914 | D:12     | Killed Azrael
 23215 | D:13     | Noticed Jorgrun
 23217 | D:13     | Reached skill level 15 in Shields
 23217 | D:13     | Reached XP level 14. HP: 74/94 MP: 0/0
 23225 | D:13     | Killed Jorgrun
 23249 | D:13     | Noticed Urug
 23399 | D:13     | Killed Urug
 24202 | D:14     | Found a gate to the Vaults.
 24305 | D:14     | Found a hide-covered altar of Uskayaw.
 24443 | D:15     | Entered Level 15 of the Dungeon
 24645 | D:15     | Found a staircase to the Depths.
 24822 | D:15     | Found a large runed translucent door.
 24822 | D:15     | Found a large runed translucent door.
 25184 | D:15     | Identified the +1 leather armour of Sif Muna's Wrath
                  | {Regen+ Dex-2 SInv}
 25257 | D:15     | Noticed Hipp's ghost (journeyman NaBe)
 25502 | Swamp:1  | Entered Level 1 of the Swamp
 25592 | Swamp:1  | Reached XP level 15. HP: 92/104 MP: 0/0
 25592 | Swamp:1  | Learned a level 6 spell: Freezing Cloud
 26117 | Swamp:2  | Paralysed by a fenstrider witch for 5 turns
 26368 | Orc:2    | Bought a potion of mutation for 104 gold pieces
 26368 | Orc:2    | Bought 2 scrolls of identify for 52 gold pieces
 26368 | Orc:2    | Bought a scroll of identify for 26 gold pieces
 26520 | D:6      | Bought a potion of brilliance for 52 gold pieces
 26520 | D:6      | Bought a potion of haste for 130 gold pieces
 26520 | D:6      | Bought 2 potions of brilliance for 104 gold pieces
 26520 | D:6      | Bought a potion of curing for 39 gold pieces
 26520 | D:6      | Bought a potion of curing for 39 gold pieces
 26779 | Swamp:2  | Paralysed by a fenstrider witch for 5 turns
 26782 | Swamp:2  | Killed from afar by an eleionoma

Illustrated notes

Levels and vault maps discovered:
D:1:      onia_arrival_mini_maze, layout_basic
D:2:      layout_basic, uniq_robin
D:3:      layout_basic, minitemple,
          hellmonk_ecumenical_altar_pennies_from_heaven,
          grunt_decor_mini_mirrors, roderic_serpentine_path, uniq_terence,
          uniq_ijyb
D:4:      layout_cave_pods, minmay_temple_entry_from_below_a, eino_curves_02,
          chequers_serial_rivers_large_a, uniq_natasha
D:5:      layout_loops_ring, kennysheep_mini_moat, uniq_eustachio, uniq_grinder,
          uniq_duvessa
D:6:      layout_gridville, lemuel_doored_altar, serial_shops, shop
D:7:      layout_rooms, st_stairs_1
D:8:      layout_basic, enter_bailey_4, lemuel_flamethrower_2
D:9:      layout_basic, nicolae_overflow_crystal_walls,
          nicolae_qazlal_style_of_elements, evilmike_ruin_ashenzari,
          grunt_livestock
D:10:     layout_stronghold
D:11:     layout_basic, david_lair_generic
D:12:     layout_rooms, uniq_snorg, uniq_azrael
D:13:     layout_cave_pools, minmay_misc_feat_rows, uniq_urug, uniq_jorgrun
D:14:     layout_rooms, erik_vaults_2, hangedman_decor_clover_reticule,
          corexii_hall_statues_s, nicolae_uskayaw_murder_on_the_dancefloor
D:15:     gammafunk_depths_entry_grave, layout_loops_ring,
          ebering_ghost_disaster_area, roderic_st_hans_cross
Temple:   nicolae_temple_great_sept
Lair:1:   layout_loops_ring
Lair:2:   layout_cave_pods, serial_bayou_shore_b, infiniplex_staircase_pool_2,
          lemuel_fruit_tree
Lair:3:   layout_loops_ring, minmay_swamp_entry_swarm,
          ebering_ghost_disaster_area, serial_bayou_shore_a
Lair:4:   layout_cave_shapes, spider_nest_entry_web_field, beast_lair_carwin_9,
          grunt_megastairs_4, uniq_nessos
Lair:5:   layout_cave_shapes, grunt_megastairs_3
Lair:6:   minmay_lair_end_frog_pond, layout_gridlike, slime_altar_1,
          worms_lemuel
Swamp:1:  layout_basic_swamp, nicolae_swamp_well_well_well, swamp_pool1,
          nicolae_swamp_bloodsuckers_inc
Swamp:2:  layout_falls_marsh, evilmike_swamp_ruin_house_4
Orc:1:    layout_caves
Orc:2:    grunt_orc_community_town_hall, layout_caves,
          grunt_orc_community_big_house_1, grunt_orc_community_big_house_2,
          grunt_orc_community_house_3, grunt_orc_community_house_3,
          grunt_orc_community_house_3, grunt_orc_community_house_1,
          grunt_orc_community_house_1, basic_altar

Skill      XL: |  1  2  3  4  5  6  7  8  9 10 11 12 13 14 15 |
---------------+----------------------------------------------+-----
Spellcasting   | 3 4 5 6 7 8 9 11 12 14 | 14.4
Fighting       | 1 2 5 6 8 9 |  9.0
Staves         | 1 2 |  2.0
Dodging        | 5 13 11 12 | 13.0
Armour         | 5 6 |  6.6
Shields        | 4 9 12 15 | 15.1
Stealth        | |  1.5

Action                   |  1- 3 |  4- 6 |  7- 9 | 10-12 | 13-15 || total
-------------------------+-------+-------+-------+-------+-------++-------
Melee: Quarterstaff      |     7 |    20 |     4 |       |       ||    31
       Staff             |       |       |    17 |    22 |     5 ||    44
 Cast: Shock             |    49 |    78 |    62 |    53 |     4 ||   246
       Static Discharge  |       |     9 |    32 |     8 |     3 ||    52
       Airstrike         |       |     2 |    58 |   432 |   397 ||   889
       Inner Flame       |       |       |     1 |    62 |    86 ||   149
       Lightning Bolt    |       |       |     8 |    65 |   114 ||   187
       Petrify           |       |       |     1 |    10 |     8 ||    19
       Fireball          |       |       |       |    17 |    44 ||    61
       Swiftness         |       |       |       |     1 |       ||     1
       Blink             |       |       |       |     6 |    16 ||    22
Invok: Sacrifice Purity  |       |       |     1 |       |       ||     1
       Sacrifice Experie |       |       |       |     1 |       ||     1
       Sacrifice Resista |       |       |       |     1 |       ||     1
       Sacrifice Artific |       |       |       |     1 |       ||     1
       Power Leap        |       |       |       |       |     1 ||     1
Evoke: Wand              |       |       |       |     1 |       ||     1
  Use: Potion            |       |       |       |     1 |     2 ||     3
       Scroll            |       |       |       |     9 |    21 ||    30
 Stab: Sleeping          |       |     2 |       |       |       ||     2
       Petrified         |       |       |     4 |       |       ||     4
       Invisible         |       |       |       |     1 |       ||     1
Armor: Robe              |     2 |     6 |     6 |     5 |       ||    19
       Skin              |       |     2 |       |       |       ||     2
       Troll leather arm |       |       |       |    30 |    22 ||    52
Dodge: Dodged            |    10 |    20 |    45 |   139 |    51 ||   265
Block: Buckler           |       |       |       |    18 |    14 ||    32
       Kite shield       |       |       |       |       |    34 ||    34

Table legend: (Time is in decaauts)
 A = Elapsed time spent in this place.
 B = Non-inter-level travel time spent in this place.
 C = Inter-level travel time spent in this place.
 D = Time resting spent in this place.
 E = Time spent auto-exploring this place.
 F = Levels seen in this place.
 G = Mean time per level.
                   A        B        C        D        E       F      G
               +--------+--------+--------+--------+--------+-----+--------+
         Total |  26887 |  24195 |   2692 |   3261 |  17133 |  27 |  995.8 |
       Dungeon |  18265 |  16439 |   1826 |   2445 |  11750 |  15 | 1217.7 |
        Temple |    190 |    181 |      9 |      0 |    138 |   1 |  190.0 |
          Lair |   5158 |   4526 |    632 |    123 |   3592 |   6 |  859.7 |
         Swamp |    723 |    615 |    108 |     19 |    455 |   2 |  361.5 |
  Orcish Mines |   1561 |   1445 |    116 |     69 |    984 |   2 |  780.5 |
        Bailey |    988 |    988 |      0 |    605 |    213 |   1 |  988.0 |
               +--------+--------+--------+--------+--------+-----+--------+

Top non-repeatable levels by time:
     D:5: 2552 daAuts
     D:4: 1739 daAuts
     D:3: 1728 daAuts
     D:7: 1650 daAuts
     D:2: 1541 daAuts
    D:11: 1331 daAuts
  Lair:3: 1293 daAuts
   Orc:2: 1200 daAuts
    D:10: 1163 daAuts
     D:8: 1119 daAuts
  Lair:6: 1092 daAuts
  Bailey: 988 daAuts
  Lair:2: 951 daAuts
     D:9: 949 daAuts
     D:6: 944 daAuts
